 Dungeon Crawl Stone Soup version 0.30-a0-404-g0b3c3f4 (webtiles) character file.

Game seed: 17561183308425883162

15 Kel the Trooper (level 2, 19/19 HPs)
             Began as a Gargoyle Berserker on Dec 7, 2022.
             Was a Follower of Trog.
             Quit the game on level 1 of the Dungeon.
             The game lasted 00:00:51 (380 turns).

Kel the Trooper (Gargoyle Berserker)                 Turns: 380, Time: 00:00:52

Health: 19/19      AC:  6    Str: 20    XL:     2   Next: 50%
Magic:  2/2        EV: 11    Int:  7    God:    Trog [*.....]
Gold:   45         SH:  0    Dex:  9    Spells: 1/1 levels left

rFire   . . .      SeeInvis .    a - +0 hand axe
rCold   . . .      Faith    .    (no shield)
rNeg    + . .      Spirit   .    b - +0 animal skin
rPois   ∞          Reflect  .    c - +0 helmet
rElec   +          Harm     .    (no cloak)
rCorr   .          Rampage  .    (no gloves)
Will    .....                    (no boots)
Stlth   +.........               (no amulet)
HPRegen 0.23/turn                (no ring)
MPRegen 0.08/turn                (no ring)

@: no status effects
A: sickness immunity, AC +2, negative energy resistance 1, electricity
resistance, torment resistance 1, petrification resistance
a: Renounce Religion, Berserk


You were on level 1 of the Dungeon.
You worshipped Trog.
Trog was aware of your devotion.
You visited 1 branch of the dungeon, and saw 1 of its levels.

You collected 45 gold pieces.

Inventory:

Hand Weapons
 a - a +0 hand axe (weapon)
Armour
 b - a +0 animal skin (worn)
 c - a +0 helmet (worn)
Potions
 d - a potion of curing {unknown}


   Skills:
 - Level 3.3 Fighting
 + Level 3.3 Axes
 - Level 2.2 Armour
 - Level 1.6 Dodging


You had one spell level left.
You didn't know any spells.
Your spell library was empty.

Dungeon Overview and Level Annotations

Branches:
Dungeon (1/15)

Altars:


Innate Abilities, Weirdness & Mutations

You are immune to sickness and miasma.
Your stone body is resilient. (AC +2)
You are immune to poison.
You resist negative energy. (rN+)
You are resistant to electric shocks. (rElec)
You are resistant to unholy torment.
You are immune to petrification.


Message History

No target in view!
No target in view!
No target in view!
No target in view!
No target in view!
No target in view!
No target in view!
No target in view!
No target in view!
You now have 45 gold pieces (gained 7).
A dart slug comes into view.
The dart slug launches a dart at you.
The slug dart hits you but does no damage.
You hit the dart slug.
The dart slug is moderately wounded.
You slash the dart slug!
You kill the dart slug!
Trog accepts your kill.
No target in view!
No target in view!
No target in view!
No target in view!
No target in view!
No target in view!
No target in view!
No target in view!
No target in view!
No target in view!
No target in view!
No target in view!
No target in view!
No target in view!
No target in view!
You see here a dart slug corpse.
Found a stone staircase leading down.
A goblin comes into view. It is wielding a +0 dagger.
The goblin shouts!
A goblin is nearby!
Unknown command.
Are you sure you want to abandon this character and quit the game? (Confirm with "yes".)

## #. ####. ##.##.
#### #.#.#.
#..#######..
#########
#...~~8~~.#>
...g....#
#.#..~~~..#. #@#
#.##......#. #.#
##.######..#.
#.####...######...
#...........†....#
######...######...
##.## #.##
#########.# #.#
#....^....# #.##
#.#####...#######>..


You could see a goblin.

Vanquished Creatures
  A dart slug (D:1)
  3 goblins (D:1)
  2 ball pythons (D:1)
  A bat (D:1)
  3 kobolds (D:1)
  4 rats (D:1)
14 creatures vanquished.

Notes
Turn   | Place    | Note
-------+----------+-------------------------------------------
     0 | D:1      | Kel the Gargoyle Berserker began the quest for the Orb.
     0 | D:1      | Reached XP level 1. HP: 14/14 MP: 1/1
   143 | D:1      | Reached XP level 2. HP: 19/19 MP: 2/2
   380 | D:1      | Quit the game

Illustrated notes

Levels and vault maps discovered:
D:1:      lightli_molten_gateway, layout_loops_ring, nrook_loot_triangle,
          moated_statue

Skill      XL: |  1 |
---------------+----+-----
Axes           | 3 |  3.3
Fighting       | |  3.3
Armour         | |  2.2
Dodging        | |  1.6

Action                   || total
-------------------------++-------
Melee: Hand axe          ||    31
Armor: Animal skin       ||    11
Dodge: Dodged            ||    14

Table legend: (Time is in decaauts)
 A = Elapsed time spent in this place.
 B = Non-inter-level travel time spent in this place.
 C = Inter-level travel time spent in this place.
 D = Time resting spent in this place.
 E = Time spent auto-exploring this place.
 F = Levels seen in this place.
 G = Mean time per level.
                   A        B        C        D        E       F      G
               +--------+--------+--------+--------+--------+-----+--------+
         Total |    385 |    385 |      0 |      0 |    295 |   1 |  385.0 |
       Dungeon |    385 |    385 |      0 |      0 |    295 |   1 |  385.0 |
               +--------+--------+--------+--------+--------+-----+--------+

Top non-repeatable levels by time:
     D:1: 385 daAuts
